Map: Efflorescence LE

Players

qqq - Winner!

  • Race: Zerg Zerg
  • Spawn Location: 6:00

Massa - Winner!

  • Race: Terran Terran
  • League: Platinum
  • Spawn Location: 9:00

Dorsale

  • Race: Zerg Zerg
  • League: Diamond
  • Spawn Location: 3:00

Kasparov

  • Race: Protoss Protoss
  • Spawn Location: 12:00

VOD

Have the link to the VOD?

Description

Time

  • Played on: Feb. 14, 2021, 3:31 p.m.
  • Length: 5:16
Show
View Real Time Build Order
Export as new Build Order

qqq Zerg - Winner!

Build Orders: Hatch First 

Get SALT Encoding   

  12  0:00  Drone  
  13  0:10  Drone  
  14  0:23  Overlord  
  14  0:46  Hatchery  
  14  0:49  Drone  
  14  0:56  Drone  
  14  0:57  Drone  
  16  1:19  Extractor, Spawning Pool  
  16  1:20  Drone  
  16  1:24  Drone  
  16  1:27  Drone  
  17  1:33  Drone  
  18  1:45  Drone  
  19  1:55  Drone  
  19  1:58  Drone  
  21  2:06  Queen x2  
  25  2:13  Overlord  
  25  2:16  Drone  
  26  2:23  Metabolic Boost  
  26  2:26  Drone  
  27  2:30  Zergling x2  
  28  2:43  Zergling x4  
  30  2:45  Drone x2  
  32  2:51  Zergling x2  
  32  2:53  Drone  
  33  2:59  Zergling x2  
  33  3:03  Drone  
  35  3:10  Zergling x2  
  36  3:16  Overlord  
  36  3:21  Overlord  
  36  3:28  Lair  
  36  3:30  Hatchery  
  35  3:37  Zergling x6  
  35  3:38  Zergling x2  
  35  3:40  Drone  
  40  3:42  Zergling x2  
  41  3:53  Zergling x2  
  41  3:56  Zergling x2  
  41  3:57  Zergling x4  
  41  3:58  Zergling x4  
  46  4:04  Evolution Chamber  
  45  4:17  Zergling x2  
  45  4:18  Zergling x4  
  45  4:19  Zergling x8  
  45  4:24  Zergling x2  
  47  4:25  Zergling x2  
  47  4:28  Zergling x2  
  47  4:29  Zergling x2  
  48  4:51  Zergling x2  
  48  4:52  Zergling x6  
  52  4:53  Zergling x6  
Show
View Real Time Build Order
Export as new Build Order

Massa Terran - Winner!

Build Orders:  

Get SALT Encoding   

  12  0:00  SCV  
  13  0:12  SCV  
  14  0:18  Supply Depot  
  14  0:24  SCV  
  15  0:40  Barracks  
  15  0:43  SCV  
  15  0:49  Refinery  
  16  0:52  Supply Depot  
  16  0:56  SCV  
  17  1:08  Barracks  
  17  1:15  SCV  
  18  1:24  Barracks  
  18  1:33  SCV  
  18  1:35  Barracks Tech Lab  
  19  1:47  Orbital Command  
  19  1:55  Marine  
  19  1:56  Marine  
  21  2:03  Stimpack  
  21  2:12  Marine  
  21  2:13  Marine  
  23  2:19  Marine  
  24  2:24  Supply Depot  
  24  2:30  Marine x2  
  26  2:37  Marauder  
  28  2:47  Marine  
  28  2:48  Marine  
  30  2:58  Marauder  
  30  3:04  Supply Depot  
  30  3:05  Marine  
  32  3:06  Marine  
  36  3:20  Marauder  
  36  3:23  Marine  
  36  3:24  Marine  
  38  3:41  Marauder, Marine  
  40  3:42  Marine, Supply Depot  
  40  3:45  Engineering Bay  
  42  3:59  Marine x2  
  46  4:03  Marauder  
  46  4:21  Marine  
  46  4:22  Marine  
  48  4:24  Marauder  
  45  4:45  Marauder  
Show
View Real Time Build Order
Export as new Build Order

Dorsale Zerg 

Build Orders: Hatch First 

Get SALT Encoding   

  12  0:01  Drone  
  13  0:12  Overlord  
  13  0:18  Drone  
  14  0:31  Drone x2  
  16  0:39  Drone  
  17  0:57  Hatchery  
  17  1:02  Drone  
  17  1:06  Extractor  
  16  1:15  Spawning Pool  
  15  1:20  Drone  
  15  1:21  Drone  
  17  1:26  Drone  
  18  1:44  Overlord  
  18  1:59  Drone  
  19  2:01  Queen  
  19  2:06  Zergling x4  
  23  2:09  Queen  
  25  2:21  Drone x2  
  27  2:23  Roach Warren  
  27  2:24  Drone  
  27  2:36  Drone x2  
  29  2:50  Drone  
  30  2:56  Queen  
  32  3:05  Overlord  
  32  3:06  Roach  
  32  3:07  Roach  
  36  3:21  Overlord  
  36  3:25  Roach x2  
  36  3:26  Roach x2  
  43  3:44  Roach x4  
  50  3:58  Zergling x2  
  50  4:00  Overlord  
  51  4:12  Overlord x2  
  51  4:20  Roach x3  
  36  4:33  Roach x3  
  33  4:40  Spine Crawler  
  33  4:41  Spine Crawler  
  33  4:42  Roach  
Show
View Real Time Build Order
Export as new Build Order

Kasparov Protoss 

Build Orders: Phoenix Opening 

Get SALT Encoding   

  12  0:00  Probe  
  13  0:13  Probe  
  14  0:21  Pylon  
  14  0:25  Probe  
  15  0:39  Probe (Chrono Boost)  
  15  0:41  Gateway  
  16  0:50  Assimilator  
  16  0:51  Probe (Chrono Boost)  
  17  0:58  Probe (Chrono Boost)  
  17  1:01  Assimilator  
  18  1:05  Probe  
  19  1:17  Probe  
  20  1:19  Pylon  
  20  1:30  Probe  
  20  1:32  Cybernetics Core  
  21  1:42  Probe  
  22  1:54  Zealot  
  24  1:57  Probe  
  25  2:09  Probe  
  26  2:17  Stargate  
  26  2:18  Stargate  
  26  2:54  Nexus  
  26  3:01  Phoenix  
  26  3:03  Phoenix  
  30  3:12  Probe  
  31  3:20  Pylon  
  31  3:38  Probe  
  31  3:39  Forge  
  31  3:40  Void Ray (Chrono Boost)  
  36  4:04  Void Ray (Chrono Boost)  
  40  4:32  Photon Cannon x2  
Tags
 
Add a new tag
Caveats
  • Supply blocks, unpowered buildings, or Contaminate may cause inaccurate times.
  • Supply counts are checked every 10 seconds.